 Dungeon Crawl Stone Soup version 0.31-a0-614-gc85dc1c48c (webtiles) character file.

Game seed: 11123404312738460142

11 Ijustatesigmund the Stinger (level 2, -1/18 HPs)
             Began as an Octopode Venom Mage on Aug 22, 2023.
             Slain by a quokka (3 damage)
             ... on level 1 of the Dungeon.
             The game lasted 00:00:43 (380 turns).

Ijustatesigmund the Stinger (Octopode Venom Mage)    Turns: 380, Time: 00:00:43

Health: -1/18      AC:  1    Str:  7    XL:     2   Next: 29%
Magic:  2/5        EV: 13    Int: 17    God:
Gold:   28         SH:  0    Dex: 12    Spells: 2/5 levels left

rFire   . . .        (no weapon)
rCold   . . .        (no shield)
rNeg    . . .        (helmet restricted)
rPois   .            (no amulet)
rElec   .            (no ring)
rCorr   .            (no ring)
SInv    .            (no ring)
Will    .....        (no ring)
Stlth   +++          (no ring)
HPRegen 0.23/turn    (no ring)
MPRegen 0.09/turn    (no ring)
                     (no ring)

%: no passive effects
@: no status effects
A: almost no armour, amphibious, 8 rings, camouflage 1, gelatinous body 1,
(nimble swimmer 1), tentacles
a: no special abilities


You were on level 1 of the Dungeon.
You visited 1 branch of the dungeon, and saw 1 of its levels.

You collected 28 gold pieces.

Inventory:

Scrolls
 b - 3 scrolls of identify {unknown}
 d - a scroll of amnesia {unknown}
 e - a scroll of fog {unknown}
Potions
 a - a potion of magic
 c - a potion of haste {unknown}


   Skills:
 + Level 1.0 Fighting
 - Level 2.0 Dodging
 - Level 2.6 Stealth
 + Level 2.2 Spellcasting
 - Level 1.0 Transmutations
 + Level 3.9 Poison Magic


You had 2 spell levels left.
You knew the following spells:

 Your Spells              Type           Power      Damage    Failure   Level
a - Sting                 Tmut/Pois      40%        1d5       7%          1
b - Poisonous Vapours     Pois/Air       16%        N/A       13%         2

Your spell library contained the following spells:

 Spells                   Type           Power      Damage    Failure   Level
 Mephitic Cloud           Conj/Pois/Air  6%         N/A       32%         3
 Olgreb's Toxic Radiance  Pois           15%        N/A       36%         4


Dungeon Overview and Level Annotations

Branches:
Dungeon (1/15)

Altars:


Innate Abilities, Weirdness & Mutations

You cannot wear most types of armour.
You are amphibious.
You can wear up to eight rings at the same time.
Your skin changes colour to match your surroundings (Stealth+).
Your rubbery body absorbs attacks. (AC +1, EV +1)
((You are camouflaged when in or above water. (Stealth+)))
You have tentacles for arms and can constrict up to eight enemies at once.


Message History

You are frozen.
Casting: Sting (safe; 7% risk of failure)
Confirm with . or Enter, or press ? or * to list all spells.
Aiming: Sting (safe; 7% risk of failure)
Press: ? - help, Shift-Dir - straight line, f/p - endoplasm
Aim: an endoplasm (lightly wounded, 98% to hit)
The sting hits the endoplasm.
The endoplasm partially resists.
The endoplasm is poisoned.
The endoplasm is moderately wounded.
The endoplasm completely misses you.
You tentacle-slap the endoplasm but do no damage.
You squeeze the endoplasm.
The endoplasm is almost dead.
The endoplasm freezes you.
You are frozen.
You barely miss the endoplasm.
You squeeze the endoplasm, but do no damage.
The endoplasm is almost dead.
The quokka bites you. The endoplasm freezes you.
You are frozen.
* * * LOW HITPOINT WARNING * * *
You barely miss the quokka. Your grab misses the quokka.
Your tentacle-slap misses the quokka.
You kill the endoplasm!
The quokka closely misses you.
Your Fighting skill increases to level 1!
Casting: Sting (safe; 7% risk of failure)
Confirm with . or Enter, or press ? or * to list all spells.
Aiming: Sting (safe; 7% risk of failure)
Press: ? - help, Shift-Dir - straight line, f - quokka
Aim: a quokka (60% to hit)
The sting hits the quokka.
The quokka is poisoned.
The quokka is heavily wounded.
The quokka bites you.
* * * LOW HITPOINT WARNING * * *
You barely miss the quokka. Your grab misses the quokka.
The quokka is heavily wounded.
The quokka misses you. The quokka bites you.
You die...

##.###............ #.#
##......#####.#
##.######.#.......$
.............>##..#
###.##....#...##..#
#.##.#####..##..#
#.##.###........#
#.##†.....≈≈≈...######
#.###.....≈(≈.@.......
... #.###.≈≈≈.r.#.####
#.. #.# #.......# #.#
##..##..# #.#
....#...#
............#
..####......# ##
#..##.##


You could see a quokka (poisoned).

Vanquished Creatures
  A bat (D:1)
  An endoplasm (D:1)
  A giant cockroach (D:1)
  A hobgoblin (D:1)
  A quokka (D:1)
  3 ball pythons (D:1)
  2 frilled lizards (D:1)
  A rat (D:1)
11 creatures vanquished.

Notes
Turn   | Place    | Note
-------+----------+-------------------------------------------
     0 | D:1      | Ijustatesigmund the Octopode Venom Mage began the quest for
                  | the Orb.
     0 | D:1      | Reached XP level 1. HP: 11/11 MP: 3/3
   287 | D:1      | Reached XP level 2. HP: 18/18 MP: 3/5
   290 | D:1      | Learned a level 2 spell: Poisonous Vapours
   379 | D:1      | Reached skill level 1 in Fighting
   380 | D:1      | Slain by a quokka

Illustrated notes

Levels and vault maps discovered:
D:1:      saegor_arrival_fortress, layout_basic, serial_shops, shop,
          serial_bayou_pond_d, corexii_item_surrounded_by_moat,
          minmay_misc_feat_five, minmay_pentomino_s2

Skill      XL: |  1  2 |
---------------+-------+-----
Fighting       | 1 |  1.0
Dodging        | |  2.0
Stealth        | |  2.6
Spellcasting   | |  2.2
Transmutations | |  1.0
Poison Magic   | |  3.9

Action                     || total
---------------------------++-------
  Melee: Unarmed           ||    16
         Constrict         ||     5
         Tentacles         ||     4
         Punch             ||     1
   Cast: Sting             ||     9
  Dodge: Dodged            ||    17

Table legend: (Time is in decaauts)
 A = Elapsed time spent in this place.
 B = Non-inter-level travel time spent in this place.
 C = Inter-level travel time spent in this place.
 D = Time resting spent in this place.
 E = Time spent auto-exploring this place.
 F = Levels seen in this place.
 G = Mean time per level.
                   A        B        C        D        E       F      G
               +--------+--------+--------+--------+--------+-----+--------+
         Total |    380 |    380 |      0 |      0 |    313 |   1 |  380.0 |
       Dungeon |    380 |    380 |      0 |      0 |    313 |   1 |  380.0 |
               +--------+--------+--------+--------+--------+-----+--------+

Top non-repeatable levels by time:
     D:1: 380 daAuts
